Map: Blackrock LE

Players

SLicKcHeeZEE

  • Race: Zerg Zerg
  • League: Bronze

A.I. 1 (Very Hard) - Winner!

  • Race: Terran Terran

VOD

Have the link to the VOD?

Description

Time

  • Played on: Oct. 7, 2026, 3:24 p.m.
  • Length: 3:19
Show
View Real Time Build Order
Export as new Build Order

SLicKcHeeZEE Zerg 

Build Orders: Hatch First 

Get SALT Encoding   

  6  0:00  Drone  
  13  0:12  Overlord  
  13  0:17  Drone  
  14  0:30  Drone x2  
  16  0:48  Hatchery  
  15  0:51  Drone  
  15  0:56  Drone  
  17  1:05  Extractor  
  16  1:13  Spawning Pool  
  16  1:15  Drone  
  16  1:20  Drone  
  16  1:23  Drone  
  18  1:28  Drone  
  19  1:40  Overlord  
  19  2:00  Queen  
  19  2:01  Queen  
  23  2:05  Zergling x2, Drone  
  23  2:07  Drone  
  26  2:14  Drone  
  27  2:17  Extractor  
  27  2:20  Overlord  
  26  2:35  Roach Warren  
  25  2:48  Drone x3  
Show
View Real Time Build Order
Export as new Build Order

A.I. 1 (Very Hard) Terran - Winner!

Build Orders:  

Get SALT Encoding   

  12  0:10  Supply Depot  
  12  0:13  SCV  
  13  0:37  Barracks  
  13  0:42  Barracks  
  13  0:56  Barracks  
  13  0:58  SCV  
  14  1:10  SCV  
  15  1:25  Barracks, Marine  
  15  1:29  Marine  
  17  1:42  Marine  
  17  1:43  Marine  
  19  1:47  Marine  
  19  1:53  Supply Depot  
  20  2:00  Marine  
  21  2:01  Marine  
  21  2:05  Marine  
  23  2:14  Marine  
  24  2:18  Marine  
  24  2:19  Marine  
  26  2:22  Marine  
  27  2:32  Marine  
  27  2:36  Marine  
  27  2:37  Marine  
  29  2:41  Supply Depot  
  29  2:44  Marine  
  31  2:53  Refinery  
  31  3:03  SCV  
Tags
 
Add a new tag
Caveats
  • Supply blocks, unpowered buildings, or Contaminate may cause inaccurate times.
  • Supply counts are checked every 10 seconds.